AoeStats
← [SAPR] Janstonbeats

Arabia

510018653Analyzed
2v2 RM · 3d ago on Sep 29, 2026· 58m 52s· 4 players
Game mode
Random Map
Map size
Medium (4 player)
Population
200
Speed
Normal
Resources
Standard
Victory
Conquest
Starting age
Dark Age
Ending age
Imperial Age
RankedLock teamsTeams togetherTeam positionsShared explorationLock speedFull tech treeHidden civsTurbo modeCheats
Victory
Defeat
🇨🇱 Goths · Chile
1129
+17
🇫🇷 Magyars · France
1110
+18
🇦🇷 Varangians · Argentina
1162
-18
🇦🇷 Ethiopians · Argentina
1133
-17
rodrigolaramol96
4:51 Loom
10:23 Feudal Age
10:30 Man-at-Arms
11:00 Double-Bit Axe
11:34 Horse Collar
16:31 Wheelbarrow
18:21 Forging
19:35 Scale Mail Armor
27:01 Castle Age
26:56 Bloodlines
27:37 Long Swordsman
28:18 Squires
28:51 Husbandry
30:27 Heavy Plow
30:31 Light Cavalry
31:28 Scale Barding Armor
31:39 Chain Mail Armor
32:42 Bow Saw
33:56 Chain Barding Armor
38:00 Hand Cart
37:43 Treadmill Crane
38:37 Ballistics
41:37 Imperial Age
41:33 Iron Casting
41:07 Anarchy
41:46 Two-Handed Swordsman
43:03 Conscription
43:34 Gold Mining
43:34 Stone Mining
43:16 Champion
43:57 Fletching
43:49 Elite Skirmisher
44:32 Bodkin Arrow
44:38 Padded Archer Armor
46:11 Blast Furnace
46:06 Crop Rotation
46:56 Chemistry
49:27 Town Watch
52:39 Perfusion
53:54 Elite Huskarl
[SAPR] Janstonbeats
7:07 Loom
10:01 Feudal Age
10:46 Double-Bit Axe
11:34 Horse Collar
15:54 Scale Barding Armor
17:05 Bloodlines
21:12 Wheelbarrow
25:00 Castle Age
24:10 Gold Mining
28:10 Chain Barding Armor
28:19 Husbandry
31:56 Bow Saw
31:48 Heavy Plow
33:49 Gold Shaft Mining
43:59 Imperial Age
46:31 Hand Cart
46:06 Town Watch
51:15 Plate Barding Armor
52:12 Light Cavalry
54:17 Conscription
53:41 Hussar
LaBestiaPOP8861
6:42 Loom
9:11 Feudal Age
10:14 Double-Bit Axe
18:28 Fletching
18:39 Padded Archer Armor
20:04 Horse Collar
24:15 Castle Age
22:11 Gold Mining
22:36 Scale Mail Armor
23:53 Arson
24:49 Stone Mining
24:25 Crossbowman
28:09 Heavy Plow
32:01 Chain Mail Armor
38:04 Royal Heirs
38:32 Forging
48:24 Imperial Age
48:20 Wheelbarrow
47:31 Town Watch
49:41 Iron Casting
49:39 Bodkin Arrow
51:38 Gold Shaft Mining
50:30 Arbalester
52:26 Bow Saw
53:09 Thumb Ring
54:41 Chemistry
54:52 Bracer
55:16 Ballistics
55:59 Conscription
55:04 Elite Skirmisher
57:28 Stone Shaft Mining
56:59 Halberdier
58:26 Man-at-Arms
Sadicomane
6:47 Loom
9:18 Feudal Age
9:47 Double-Bit Axe
10:14 Town Watch
14:21 Horse Collar
15:44 Bloodlines
17:47 Forging
21:26 Scale Barding Armor
24:33 Fletching
27:57 Castle Age
27:05 Gold Mining
27:40 Stone Mining
28:57 Husbandry
28:54 Bodkin Arrow
29:18 Bow Saw
34:48 Wheelbarrow
35:54 Heavy Plow
35:59 Padded Archer Armor
37:12 Ballistics
46:25 Chain Barding Armor
49:08 Iron Casting
48:04 Elite Skirmisher
49:57 Leather Archer Armor
53:40 Imperial Age
56:29 Elite Jarl
Connection lost

Rejoining the realm…

Still unreachable

The connection could not be restored.

Session expired

The server has moved on; the page needs a fresh start.